 Dungeon Crawl Stone Soup version 0.21.1-1-g345015f (webtiles) character file.

1114 shakethe the Covert (level 8, -3/37 HPs)
             Began as a Spriggan Enchanter on Feb 13, 2018.
             Was an Initiate of Dithmenos.
             Killed by divine providence
             ... invoked by an orc priest
              (16 damage)
             ... on level 7 of the Dungeon on Feb 14, 2018.
             The game lasted 00:46:13 (9632 turns).

shakethe the Covert (Spriggan Enchanter)            Turns: 9632, Time: 00:46:14

Health: -3/37      AC:  4    Str:  4    XL:     8   Next: 12%
Magic:  6/16       EV: 22    Int: 19    God:    Dithmenos [......]
Gold:   378        SH:  0    Dex: 16    Spells: 8/17 levels left

rFire    x x .     SeeInvis +   e - +3 dagger
rCold    + + .     Gourm    .   (shield restricted)
rNeg     . . .     Faith    .   b - +0 robe
rPois    .         Spirit   .   (helmet restricted)
rElec    .         Reflect  .   s - +1 cloak
rCorr    .         Harm     .   (gloves unavailable)
MR       +....                  (boots unavailable)
Stlth    ++++......             (no amulet)
HPRegen  0.12/turn              p - ring of ice {rC+, rF-}
MPRegen  0.15/turn              q - ring of ice {rC+, rF-}

@: very slightly contaminated, very quick
A: very small, unfitting armour, see invisible, herbivore, speed 3, slow
metabolism 2
a: Renounce Religion


You were on level 7 of the Dungeon.
You worshipped Dithmenos.
Dithmenos was noncommittal.
You were not hungry.

You visited 1 branch of the dungeon, and saw 7 of its levels.

You collected 378 gold pieces.

Inventory:

Hand Weapons
 a - a +1 dagger
 e - a +3 dagger (weapon)
   (You took it off a wight on level 6 of the Dungeon)
 k - a +2 short sword
   (You took it off a wight on level 6 of the Dungeon)
 z - a +0 dagger of holy wrath
   (You found it on level 4 of the Dungeon)
Missiles
 h - 28 poisoned needles
 w - 58 stones (quivered)
 A - 2 throwing nets {=f, !d}
Armour
 b - a +0 robe (worn)
 s - a +1 cloak (worn)
   (You found it on level 3 of the Dungeon)
Jewellery
 p - a ring of ice (left hand) {rC+, rF-}
   (You took it off a goblin on level 2 of the Dungeon)
 q - a ring of ice (right hand) {rC+, rF-}
   (You found it on level 6 of the Dungeon)
Wands
 y - a wand of acid (19)
   (You found it on level 4 of the Dungeon)
Scrolls
 f - 4 scrolls of remove curse
 j - a scroll of blinking {!r}
 t - a scroll of identify
 B - a scroll of immolation {!r}
Potions
 g - a potion of flight
 i - 2 potions of heal wounds {unknown}
 l - 2 potions of cancellation
 m - 3 potions of ambrosia
 n - a potion of lignification {!q}
 o - 2 potions of resistance
 u - a potion of brilliance
 v - 2 potions of might
 x - 3 potions of curing
Books
 c - a book of Maledictions
 r - a book of the Tempests
   (You found it on level 3 of the Dungeon)
Comestibles
 d - 9 rations


   Skills:
 + Level 1.4 Fighting
 + Level 2.6 Short Blades
 + Level 6.4 Dodging
 * Level 9.9 Stealth
 + Level 5.3 Spellcasting
 + Level 6.1 Hexes


You had 8 spell levels left.
You knew the following spells:

 Your Spells              Type           Power        Failure   Level  Hunger
a - Tukima's Dance        Hex            ####....     3%          3    ##.....
e - Confuse               Hex            ####....     3%          3    ##.....
q - Corona                Hex            ####...      1%          1    None
w - Ensorcelled Hibernat  Hex/Ice        #####.       5%          2    None


Dungeon Overview and Level Annotations

Branches:
Dungeon (7/15)
 Temple: D:4-7

Altars:
Cheibriados
Dithmenos
Elyvilon
Nemelex Xobeh
Okawaru
Ru
Uskayaw
Vehumet
Wu Jian
Zin


Innate Abilities, Weirdness & Mutations

You are very small and have problems with some larger weapons.
You are too small for most types of armour.
You have supernaturally acute eyesight. (SInv)
You are a herbivore.
You cover ground extremely quickly.
You need consume almost no food.


Message History

There is a white marble altar of Elyvilon here.
There is an iron altar of Okawaru here.
There is an ornate altar of the Wu Jian Council here.
Health restored: 37
There is a shadowy altar of Dithmenos here.
You kneel at the altar of Dithmenos.
Dithmenos welcomes you!
MP restored: 16 You open the gate.
There is an open gate here.
You see here a pair of embroidered boots.
Things that are here:
a club; a leather armour
There is a stone staircase leading up here.
Things that are here:
an enchanted falchion; a ring mail You see here a rapier.
You open the gate.
There is an open gate here.
Found a sparkling altar of Nemelex Xobeh.
There is a sparkling altar of Nemelex Xobeh here.
Done exploring.
Done exploring.
Done exploring.
There is a sparkling altar of Nemelex Xobeh here.
There is a dry fountain here.
There is an open gate here.
You see here a rapier.
There is a stone staircase leading down here.
You climb downwards.
An orc comes into view. It is wielding a club.
Found a scroll of immolation and 21 sling bullets.
Found a stone staircase leading up and a stone staircase leading down.
There is a stone staircase leading up here.
The helpless orc fails to defend itself.
You skewer the orc like a kebab!!!
You kill the orc!
Dithmenos accepts your kill.
Things that are here:
a club; a ring mail A hound comes into view.
You see here a scroll of immolation {!r}.
The helpless hound fails to defend itself.
You spit the hound like a pig!!!
You kill the hound!
Dithmenos accepts your kill.
You see here a hound corpse.
You see here a scroll of immolation {!r}.
You see here a scroll of immolation {!r}.
There are no items here.
You see here a scroll of immolation {!r}.
B - a scroll of immolation {!r}
Found a stone staircase leading down.
Found a stone staircase leading up.
There is a stone staircase leading up here.
You now have 378 gold pieces (gained 12).
An orc priest and an orc wizard come into view.
An orc wizard comes into view. It is wielding a dagger.
The orc wizard shouts!
You hear a shout!
A scorpion and an orc come into view.
The orc wizard casts a spell.
The orc wizard blinks!
The orc wizard mumbles some strange words.
The orc wizard blinks!
The orc priest calls down the wrath of Beogh upon you.
Beogh smites you!
You take 12 damage, and have 25/37 hp.
MASSIVE DAMAGE!!
Aim: an orc wizard, wielding a dagger and wearing a robe (chance to defeat MR: 65%)
You feel a strong surge of power!
The orc wizard resists with significant effort.
You now have 14/16 mp.
Aim: an orc wizard, wielding a dagger and wearing a robe (chance to defeat MR: 65%)
You feel a strong surge of power!
You miscast Ensorcelled Hibernation.
You are very lightly contaminated with residual magic.
Your hands glow momentarily.
The orc wizard hits you with a dagger.
You take 1 damage, and have 25/37 hp.
You now have 12/16 mp.
Aim: an orc wizard, wielding a dagger and wearing a robe (chance to defeat MR: 65%)
You feel a strong surge of power!
The orc wizard resists with significant effort.
The orc wizard barely misses you.
You now have 10/16 mp.
Aim: an orc wizard, wielding a dagger and wearing a robe (chance to defeat MR: 65%)
You feel a strong surge of power!
The orc wizard looks drowsy...
You now have 8/16 mp.
The helpless orc wizard fails to defend itself.
You perforate the orc wizard like a sieve!!!
You kill the orc wizard!
Dithmenos accepts your kill.
The orc priest mumbles some strange prayers to Beogh against you.
Beogh smites you!
You take 12 damage, and have 13/37 hp.
MASSIVE DAMAGE!!
Aim: an orc priest, wielding a club and wearing a leather armour (chance to defeat MR: 65%)
You feel a strong surge of power!
The orc priest resists with significant effort.
The orc priest invokes the aid of Beogh against you.
Beogh smites you!
You die...

##............).
#...............
##...............
#......†.........
##..............<.
##.................
##..................
#o).................
##.#@.........<......
##.##.................
##..##.........>..(....
##<.###.................
####### #..##
#........>.......#
......# ##o##
##..............##
......###..#
##............##
......##..##
##...........#
...o..#..##
##.........##


You could see an orc priest.

Vanquished Creatures
  The ghost of SaintRoka the Grave Robber, an amateur DsNe (D:3)
  An ice beast (D:6)
  An ogre (D:5)
  A bullfrog (D:6)
  4 wights (D:6)
  4 hounds
  2 centaur skeletons
  An orc wizard (D:7)
  A gnoll shaman (D:4)
  An iguana (D:6)
  4 worker ants (D:4)
  A hound zombie (D:6)
  A hound skeleton (D:4)
  A worker ant zombie (D:5)
  7 gnolls
  6 adders
  An ooze (D:1)
  An adder skeleton (D:6)
  An adder zombie (D:6)
  3 worms
  2 dart slugs
  5 leopard geckos
  4 orcs
  3 ball pythons
  A giant cockroach (D:6)
  3 goblins
  5 hobgoblins
  3 jackals (D:2)
  4 quokkas
  3 bats
  2 frilled lizards
  4 kobolds
  A rat (D:1)
83 creatures vanquished.

Notes
Turn   | Place    | Note
-------+----------+-------------------------------------------
     0 | D:1      | shakethe the Spriggan Enchanter began the quest for the Orb.
     0 | D:1      | Reached XP level 1. HP: 9/9 MP: 5/5
   551 | D:1      | Reached XP level 2. HP: 10/13 MP: 6/6
   766 | D:1      | Reached skill level 5 in Stealth
   908 | D:2      | Learned a level 2 spell: Ensorcelled Hibernation
  1106 | D:2      | Reached skill level 4 in Hexes
  1173 | D:2      | Reached XP level 3. HP: 14/16 MP: 1/8
  1245 | D:2      | Reached skill level 3 in Spellcasting
  1837 | D:2      | Learned a level 3 spell: Confuse
  2320 | D:3      | Found a radiant altar of Vehumet.
  2327 | D:3      | Noticed SaintRoka's ghost (amateur DsNe)
  2425 | D:2      | Reached XP level 4. HP: 17/21 MP: 0/9
  2540 | D:3      | HP: 5/21 [bat (1)]
  3164 | D:3      | Reached skill level 6 in Stealth
  3268 | D:3      | HP: 3/21 [SaintRoka's ghost (8)]
  3910 | D:3      | Reached skill level 4 in Dodging
  4911 | D:4      | Reached XP level 5. HP: 24/24 MP: 4/11
  5283 | D:4      | Reached skill level 7 in Stealth
  6367 | D:4      | Learned a level 3 spell: Tukima's Dance
  6418 | D:4      | Reached skill level 4 in Spellcasting
  6418 | D:4      | Reached XP level 6. HP: 24/28 MP: 11/13
  6550 | D:5      | Entered Level 5 of the Dungeon
  6632 | D:5      | Reached skill level 5 in Dodging
  6632 | D:5      | Reached skill level 5 in Hexes
  7102 | D:5      | Reached skill level 8 in Stealth
  7705 | D:3      | Killed SaintRoka's ghost
  8224 | D:6      | Reached XP level 7. HP: 32/32 MP: 14/14
  8458 | D:6      | Reached skill level 9 in Stealth
  8649 | D:6      | Reached skill level 6 in Dodging
  8651 | D:6      | Reached skill level 1 in Fighting
  8651 | D:6      | Reached skill level 2 in Short Blades
  8705 | D:6      | Reached skill level 5 in Spellcasting
  8802 | D:6      | Reached XP level 8. HP: 37/37 MP: 4/16
  8985 | D:6      | Reached skill level 6 in Hexes
  9152 | D:6      | Found a hide-covered altar of Uskayaw.
  9155 | D:6      | Found a snail-covered altar of Cheibriados.
  9155 | D:6      | Found a glowing silver altar of Zin.
  9156 | D:6      | Found an ornate altar of the Wu Jian Council.
  9156 | D:6      | Found an iron altar of Okawaru.
  9157 | D:6      | Found a sacrificial altar of Ru.
  9157 | D:6      | Found a white marble altar of Elyvilon.
  9158 | D:6      | Found a shadowy altar of Dithmenos.
  9212 | D:6      | Became a worshipper of Dithmenos the Shadowed
  9472 | D:6      | Found a sparkling altar of Nemelex Xobeh.
  9632 | D:7      | Killed from afar by an orc priest

Skill      XL: |  1  2  3  4  5  6  7  8 |
---------------+-------------------------+-----
Stealth        | 5 6 7 8 9 |  9.9
Hexes          | 4 5 6 |  6.1
Spellcasting   | 3 4 5 |  5.3
Dodging        | 4 5 6 |  6.4
Fighting       | 1 |  1.4
Short Blades   | 2 |  2.6

Action                   |  1- 3 |  4- 6 |  7- 9 || total
-------------------------+-------+-------+-------++-------
Melee: Dagger            |    80 |   123 |    69 ||   272
 Cast: Ensorcelled Hiber |    24 |    45 |    22 ||    91
       Confuse           |     2 |    22 |    12 ||    36
  Use: Scroll            |       |    14 |       ||    14
 Stab: Sleeping          |    20 |    20 |    15 ||    55
       Confused          |       |     9 |     7 ||    16
       Distracted        |       |     1 |     1 ||     2
  Eat: Ration            |       |     5 |     1 ||     6
Armor: Robe              |     9 |     9 |     1 ||    19
Dodge: Dodged            |   100 |   144 |    43 ||   287

Vault maps used:
D:1:      lightli_arrival_noodles, minmay_misc_feat_more_columns
D:3:      vehumet_crystals, first_ration
D:6:      nemelex_altar_shiori, grunt_temple_overflow_open, moated_statue
D:7:      minmay_temple_entry_overgrown, uniq_crazy_yiuf_cottage

Table legend:
 A = Turns spent in this place as a percentage of turns spent in the entire game.
 B = Non-inter-level travel turns spent in this place as a percentage of non-inter-level travel turns spent in the entire game.
 C = Inter-level travel turns spent in this place as a percentage of turns spent in this place.
 D = Turns resting spent in this place as a percentage of non-inter-level travel turns spent in this place.
 E = Turns spent auto-exploring this place as a percentage of non-inter-level travel turns spent in this place.
 F = Non-inter-level travel turns spent in this place divided by the number of levels of this place that you've seen.
                   A       B       C       D       E      F
               +-------+-------+-------+-------+-------+----------------------
         Total | 100.0 | 100.0 |   0.0 |  27.7 |   6.3 | 1376.0
       Dungeon | 100.0 | 100.0 |   0.0 |  27.7 |   6.3 | 1376.0
               +-------+-------+-------+-------+-------+----------------------

Table legend:
 A = Kills in this place as a percentage of kills in entire the game.
 B = Kills by you in this place as a percentage of kills by you in the entire game.
 C = Kills by friends in this place as a percentage of kills by friends in the entire game.
 D = Other kills in this place as a percentage of other kills in the entire game.
 E = Experience gained in this place as a percentage of experience gained in the entire game.
 F = Experience gained in this place divided by the number of levels of this place that you have seen.
                   A       B       C       D       E      F
               +-------+-------+-------+-------+-------+----------------------
         Total | 100.0 | 100.0 |   N/A |   N/A | 100.0 | 227.4
       Dungeon | 100.0 | 100.0 |   N/A |   N/A | 100.0 | 227.4
               +-------+-------+-------+-------+-------+----------------------
